[Event "Late-Titled-Tuesday-Blitz-April-16-2024"]
[Site "Chess.com"]
[Date "2024.04.16"]
[Round "5"]
[White "MFatigue"]
[Black "Binary010"]
[Result "0-1"]
[WhiteElo "2553"]
[BlackElo "2778"]
[TimeControl "180+1"]
[EndTime "14:53:02 PDT"]
[Termination "Binary010 won by resignation"]

1. e4 c5 2. a3 g6 3. h4 d5 4. exd5 Qxd5 5. Nc3 Qe6+ 6. Be2 Nc6 7.
Nf3 Bg7 8. h5 a6 9. d3 b5 10. Ne4 Qd5 11. h6 Bf6 12. Nxf6+ Nxf6 13. Bg5 Nd7 14. Qd2 Bb7 15. c4 Qd6 16. Be3 Nce5 17.
Nxe5 Nxe5 18. d4 Nxc4 19. Bxc4 bxc4 20. dxc5 Qxd2+ 21. Kxd2 Bxg2 22. Rhc1 Bd5 23. Kc3 Kd7 24. Bd4 f6 25. f4 Rab8 26. Kc2 Rb3 27. Bc3 Rc8 28.
Bb4 Be4+ 29. Kd2 Rxb2+ 30. Kc3 Rf2 31. Kxc4 Rxf4 32. Rd1+ Kc6 33. Kb3 Bd5+ 34. Ka4 a5 35. Rxd5 axb4 36. Rad1 Ra8+ 37. Kb3 Rxa3+ 38. Kb2 Rf2+ 39.
R1d2 Rxd2+ 40. Rxd2 Rh3 0-1

[Event "Late-Titled-Tuesday-Blitz-April-16-2024"]
[Site "Chess.com"]
[Date "2024.04.16"]
[Round "5"]
[White "ATM622"]
[Black "Alexei_Gubajdullin"]
[Result "0-1"]
[WhiteElo "2433"]
[BlackElo "2613"]
[TimeControl "180+1"]
[EndTime "14:53:02 PDT"]
[Termination "Alexei_Gubajdullin won on time"]

1. d4 Nf6 2. c4 g6 3. g3 Bg7 4.
Bg2 O-O 5. Nf3 d6 6. O-O Nbd7 7. Nc3 e5 8. Qc2 c6 9. Rd1 Qe7 10. b3 a5 11. Ba3 exd4 12. Nxd4 Nc5 13. e4 h5 14. h4 Ng4 15. Bb2 Ne6 16. Nce2 Be5 17. Nxe6 fxe6 18. Bxe5 dxe5 19. Rf1 Qc5 20. Nc3 Qa7 21.
Rad1 Qc5 22. Qe2 Qb4 23. Na4 b5 24. Nb6 Rb8 25. Nxc8 Rbxc8 26. cxb5 cxb5 27. Rd7 Rf6 28. Bh3 Nh6 29. Qd2 Qxd2 30. Rxd2 Nf7 31. Rfd1 Rc3 32. Rd7 a4 33. bxa4 bxa4 34. Re7 Kf8 35. Rxe6 Rcf3 36.
Rxf6 Rxf6 37. Kg2 Nd6 38. f3 Nc4 39. Rd3 Rb6 40. Rc3 Rb2+ 41. Kg1 Nd2 42. Bg2 Rxa2 43. f4 a3 44. fxe5 Ra1+ 45. Kf2 a2 46. Ra3 Nc4 47. Ra8+ Ke7 48. Ra6 Nxe5 49. Ke3 Re1+ 50. Kf4 Nd3+ 51. Kg5 a1=Q 0-1

[Event "Late-Titled-Tuesday-Blitz-April-16-2024"]
[Site "Chess.com"]
[Date "2024.04.16"]
[Round "5"]
[White "Oleksandr_Bortnyk"]
[Black "dretch"]
[Result "1/2-1/2"]
[WhiteElo "3061"]
[BlackElo "2923"]
[TimeControl "180+1"]
[EndTime "14:53:03 PDT"]
[Termination "Game drawn by repetition"]

1. e4 e6 2. Nf3 d5 3. e5 c5 4. d4 cxd4 5. Bd3 Nc6 6. O-O f6 7. Bf4 fxe5 8. Nxe5 Nf6 9. Nd2 Bd6 10. Ndf3 O-O 11.
g3 Qc7 12. Re1 g5 13. Nxc6 gxf4 14. Ncxd4 fxg3 15. hxg3 Bxg3 16. fxg3 Qxg3+ 17. Kh1 Ng4 18. Re2 Rxf3 19. Nxf3 Qxf3+ 20. Rg2 Qh3+ 21. Kg1 Qxg2+ 22. Kxg2 Ne3+ 23. Kg3 Nxd1 24. Rxd1 e5 25. c4 Be6 26. cxd5 Bxd5 27. Bxh7+ Kxh7 28. Rxd5 Rg8+ 29. Kf3 Rg7 30. Rxe5 Kg6 31. Ke3 Kf6 32. Re4 Re7 33. Rxe7 Kxe7 34.
Kd4 Kd6 35. b4 b5 36. Ke4 Ke6 37. Kd4 Kd6 38. Ke4 Ke6 39. a3 a6 40. Kd4 Kd6 41.
Ke4 Ke6 42. Kd4 Kd6 43. Ke4 Ke6 1/2-1/2

[Event "Late-Titled-Tuesday-Blitz-April-16-2024"]
[Site "Chess.com"]
[Date "2024.04.16"]
[Round "5"]
[White "Orest_Vovk"]
[Black "Lennis93"]
[Result "0-1"]
[WhiteElo "2541"]
[BlackElo "2755"]
[TimeControl "180+1"]
[EndTime "14:53:04 PDT"]
[Termination "Lennis93 won on time"]

1. g4 e5 2. g5 Nc6 3. d3 h6 4.
gxh6 Nxh6 5. Bg2 Bc5 6. Nc3 d6 7. Nf3 Bg4 8. h3 Bf5 9. Be3 Bb6 10. Bxb6 axb6 11. Qd2 Qd7 12. e4 Bg6 13. d4 f6 14.
O-O-O Bh5 15. dxe5 fxe5 16. Rdg1 Rf8 17. Ng5 Nd4 18.
h4 Bg4 19. f3 Be6 20. Nxe6 Qxe6 21. Bh3 Qf7 22. Rf1 b5 23. a3 c6 24. f4 Qc4 25. fxe5 dxe5 26. Rxf8+ Kxf8 27. Bf1 Qc5 28. Bd3 b4 29. axb4 Ra1+ 30. Nb1 Nb3+ 31. Kd1 Nxd2 32.
bxc5 Rxb1+ 0-1

[Event "Late-Titled-Tuesday-Blitz-April-16-2024"]
[Site "Chess.com"]
[Date "2024.04.16"]
[Round "5"]
[White "HanSchut"]
[Black "GMMikhailKazakov"]
[Result "0-1"]
[WhiteElo "2317"]
[BlackElo "2510"]
[TimeControl "180+1"]
[EndTime "14:53:04 PDT"]
[Termination "GMMikhailKazakov won on time"]

1. e4 d6 2. d4 Nf6 3. Nc3 e5 4.
Nf3 Nbd7 5. h3 Be7 6. Be3 O-O 7. Qd2 Re8 8. Bc4 c6 9. Bb3 exd4 10.
Nxd4 Nc5 11. f3 a5 12. a3 d5 13. e5 Nfd7 14. f4 Bh4+ 15. g3 Bxg3+ 16. Kd1 Nb6 17. Qg2 Bh4 18. Nf3 Nxb3 19. cxb3 Be7 20. Rg1 g6 21. h4 d4 22. Bxd4 c5 23. h5 cxd4 24. Ne4 Bf5 25. hxg6 fxg6 26. Ng3 Bg4 27.
f5 Nd5 28. Nf1 Bxf5 29. Nxd4 Ne3+ 30. Nxe3 Qxd4+ 31. Ke2 Qd3+ 32. Kf2 Bc5 33. Rae1 Rf8 0-1

[Event "Late-Titled-Tuesday-Blitz-April-16-2024"]
[Site "Chess.com"]
[Date "2024.04.16"]
[Round "5"]
[White "picturesquecheck"]
[Black "dasatcu90"]
[Result "1-0"]
[WhiteElo "2408"]
[BlackElo "2174"]
[TimeControl "180+1"]
[EndTime "14:53:04 PDT"]
[Termination "picturesquecheck won on time"]

1. e4 c6 2. d4 d5 3. exd5 cxd5 4. Bd3 Nc6 5. c3 g6 6. Ne2 Bf5 7. O-O Bxd3 8. Qxd3 Bg7 9. Bf4 Nf6 10. Re1 O-O 11.
Ng3 a6 12. Nd2 e6 13. Nb3 Rc8 14. Nc5 Qe7 15. b4 Ne8 16. a4 Nd8 17. a5 Nd6 18.
Re2 Qc7 19. Rae1 Qc6 20. Qf3 Nc4 21. h4 b6 22. axb6 Qxb6 23. Nd7 Qc6 24. Nxf8 Bxf8 25. h5 Nd6 26. hxg6 hxg6 27. Re3 Nb5 28. Be5 Bg7 29. Qf4 Nb7 30. Qg5 N7d6 31. Bxg7 Kxg7 32. Nh5+ Kf8 33. Nf6 Nf5 34. Rh3 Ke7 35. Nxd5+ Kd6 36. c4 Nbxd4 37.
Qf4+ Kd7 38. Rh7 Rf8 39. b5 axb5 40. Nf6+ Kc8 41. cxb5 1-0

[Event "Late-Titled-Tuesday-Blitz-April-16-2024"]
[Site "Chess.com"]
[Date "2024.04.16"]
[Round "5"]
[White "simaopdias"]
[Black "CMButgood"]
[Result "1-0"]
[WhiteElo "2248"]
[BlackElo "2029"]
[TimeControl "180+1"]
[EndTime "14:53:04 PDT"]
[Termination "simaopdias won on time"]

1. e4 c5 2. Nf3 d6 3. Nc3 Nf6 4.
d4 cxd4 5. Nxd4 g6 6. Be2 Bg7 7. O-O O-O 8. f4 Nc6 9. Nb3 a5 10. a4 Be6 11. Be3 Rc8 12. Qd2 Nb4 13. Bf3 d5 14. e5 Ng4 15. Bd4 Nc6 16. Bc5 b6 17. Ba3 d4 18. Ne2 Ne3 19. Rf2 Nb4 20.
Nbxd4 Nbxc2 21. Rc1 Nxd4 22. Qxe3 Nxe2+ 23. Rxe2 Rxc1+ 24. Qxc1 Qd4+ 25. Qe3 Qxa4 26. Bxe7 Re8 27. Bd6 Bc4 28. Re1 Qb5 29. Rc1 Bd5 30. Bxd5 Qxd5 31. Qxb6 Qd2 32. Ra1 1-0

[Event "Late-Titled-Tuesday-Blitz-April-16-2024"]
[Site "Chess.com"]
[Date "2024.04.16"]
[Round "5"]
[White "ferdipy"]
[Black "Itay121"]
[Result "0-1"]
[WhiteElo "2317"]
[BlackElo "2535"]
[TimeControl "180+1"]
[EndTime "14:53:05 PDT"]
[Termination "Itay121 won by checkmate"]

1. e4 c5 2. d4 cxd4 3. c3 dxc3 4. Nxc3 Nc6 5. Bc4 e6 6. Nf3 a6 7. O-O Nge7 8. Bb3 Ng6 9. Qe2 Bc5 10. Bg5 Qc7 11.
Rac1 O-O 12. Nd5 exd5 13. Rxc5 Nd4 14. Rxc7 Nxe2+ 15. Kh1 dxe4 16. Nd2 Nd4 17. Bd5 Ne6 18. Bxe6 dxe6 19. Nxe4 e5 20. Be3 Be6 21. Rxb7 Bd5 22. Rb4 Bxa2 23. Ra1 Bd5 24. Nc3 Be6 25. Rba4 Rab8 26.
Rxa6 Rxb2 27. Na4 Rc2 28. Nc5 Bc4 29. Ra8 h6 30. Rxf8+ Nxf8 31. h3 Kh7 32. Kh2 Ng6 33. Rc1 Rxc1 34. Bxc1 Bd5 35. Bb2 f6 36. g3 Kg8 37. h4 h5 38. Kg1 Kf7 39. Kf1 Ke7 40.
Ke2 Kd6 41. Ba3 Bc4+ 42. Ke3 Kd5 43. Nd7 Bb5 44. Bb2 Bxd7 45. f4 exf4+ 46. gxf4 Nxh4 47. Bc1 Nf5+ 48. Kf3 Kd4 49. Bb2+ Kd3 50. Kg2 Bc6+ 51. Kh3 Ke2 52. Bc3 Kf2 53. Bd2 Bg2+ 54. Kh2 Nd4 55.
Ba5 Nf3# 0-1

[Event "Late-Titled-Tuesday-Blitz-April-16-2024"]
[Site "Chess.com"]
[Date "2024.04.16"]
[Round "5"]
[White "Revan_2002"]
[Black "BogdanDeac"]
[Result "1-0"]
[WhiteElo "2739"]
[BlackElo "2987"]
[TimeControl "180+1"]
[EndTime "14:53:08 PDT"]
[Termination "Revan_2002 won on time"]

1. d4 Nf6 2. c4 e6 3. Nf3 d5 4. Nc3 c6 5. e3 Nbd7 6. Qc2 a5 7. e4 dxe4 8. Nxe4 Nxe4 9. Qxe4 Bb4+ 10. Bd2 Bxd2+ 11. Nxd2 Nf6 12. Qh4 a4 13. a3 Ra5 14.
Be2 g5 15. Qh6 Qxd4 16. O-O-O Rg8 17. g3 Rg6 18. Qh3 Qxf2 19. Bg4 Qc5 20. Rhf1 Qe7 21. Kb1 h5 22. Be2 g4 23. Qg2 Re5 24. Bd3 Rh6 25. Qf2 Ng8 26. Qd4 f6 27. Ne4 c5 28. Qc3 Bd7 29. Bc2 Kd8 30. Nxf6 1-0

[Event "Late-Titled-Tuesday-Blitz-April-16-2024"]
[Site "Chess.com"]
[Date "2024.04.16"]
[Round "5"]
[White "Janh4"]
[Black "ExchangeAB"]
[Result "0-1"]
[WhiteElo "2158"]
[BlackElo "2397"]
[TimeControl "180+1"]
[EndTime "14:53:09 PDT"]
[Termination "ExchangeAB won on time"]

1. d4 d5 2. Nc3 Nf6 3. Bf4 e6 4. Nb5 Na6 5. e3 Bb4+ 6. c3 Ba5 7.
a4 Ne4 8. Bd3 O-O 9. Ne2 c6 10.
Na3 Bc7 11. O-O Bxf4 12. Nxf4 Nd6 13. Bxa6 bxa6 14. Nc2 a5 15. Nd3 Ba6 16. Re1 Bxd3 17. Qxd3 Rb8 18. b4 Nc4 19. Reb1 Qd6 20. e4 Qf4 21. e5 f6 22. g3 Qh6 23. exf6 Qxf6 24. f4 g5 25. Rf1 Qg7 26. f5 exf5 27. Rxf5 Rxf5 28. Qxf5 Rf8 29. Qe6+ Qf7 30. Qxf7+ Rxf7 31. b5 cxb5 32. axb5 Rb7 33. Re1 Rxb5 34. Re7 a6 35. Rd7 a4 36. Ra7 Rb2 37. Nb4 a5 38. Nxd5 a3 39.
Nf6+ Kf8 0-1

[Event "Late-Titled-Tuesday-Blitz-April-16-2024"]
[Site "Chess.com"]
[Date "2024.04.16"]
[Round "5"]
[White "trriinu"]
[Black "noblerone"]
[Result "0-1"]
[WhiteElo "2258"]
[BlackElo "2488"]
[TimeControl "180+1"]
[EndTime "14:53:09 PDT"]
[Termination "noblerone won on time"]

1. e4 d5 2. exd5 Qxd5 3. Nc3 Qe5+ 4. Qe2 Qxe2+ 5. Bxe2 Bf5 6. d3 c6 7. Nf3 e6 8. a4 a5 9. Ne4 Na6 10. Ng3 Bg6 11. h4 h6 12. Ne5 Bh7 13. Bh5 g6 14.
Bf3 Nb4 15. Kd1 Nf6 16. Bd2 Nfd5 17. c3 Na6 18. Nc4 Nac7 19. Ne4 Ke7 20. Nc5 b6 21. Ne4 Rb8 22. Be3 c5 23. d4 Bg7 24. Kc2 g5 25.
Kb3 Bxe4 26. Bxe4 gxh4 27. Rxh4 h5 28. Bf3 Nf6 29. Rah1 cxd4 30. Bxd4 Ncd5 31. Bxh5 Nxh5 32. Rxh5 Rxh5 0-1

[Event "Late-Titled-Tuesday-Blitz-April-16-2024"]
[Site "Chess.com"]
[Date "2024.04.16"]
[Round "5"]
[White "rionelG"]
[Black "SilverCityIndigo"]
[Result "0-1"]
[WhiteElo "2190"]
[BlackElo "2426"]
[TimeControl "180+1"]
[EndTime "14:53:09 PDT"]
[Termination "SilverCityIndigo won by checkmate"]

1. e4 c5 2. Nf3 d6 3. d4 cxd4 4.
Nxd4 Nf6 5. Nc3 a6 6. Bg5 Nbd7 7. Be3 Qc7 8. f3 b5 9. Qd2 Bb7 10.
a3 Rc8 11. O-O-O Nb6 12. Nf5 Nc4 13. Bxc4 Qxc4 14. g4 g6 15. Ng3 Bg7 16. e5 dxe5 17.
g5 Nd5 18. Nxd5 Bxd5 19. Ne4 O-O 20. h4 Bxe4 21. fxe4 Qxe4 22. h5 gxh5 23. Rxh5 Rc6 24.
c3 Rfc8 25. Qf2 b4 26. Bd2 b3 27. Be3 Rxc3+ 28. bxc3 Rxc3+ 29. Kd2 Rc2+ 30. Ke1 Rxf2 31.
Kxf2 b2 32. Bc5 b1=Q 33. Rd8+ Bf8 34. Bxe7 Qf4+ 35. Ke2 Qbf1# 0-1

[Event "Late-Titled-Tuesday-Blitz-April-16-2024"]
[Site "Chess.com"]
[Date "2024.04.16"]
[Round "5"]
[White "MikaelyanArman"]
[Black "dennisodessa"]
[Result "1-0"]
[WhiteElo "2760"]
[BlackElo "2545"]
[TimeControl "180+1"]
[EndTime "14:53:10 PDT"]
[Termination "MikaelyanArman won by resignation"]

1. e4 e6 2. d4 d5 3. Nc3 Bb4 4. exd5 exd5 5. Bd3 Nf6 6. Ne2 O-O 7. O-O Bg4 8. f3 Bh5 9. Nf4 Bg6 10. Nxg6 hxg6 11. Ne2 c6 12. Bf4 Re8 13. c3 Bd6 14. Qd2 Nh5 15. Bxd6 Qxd6 16. Rae1 Nd7 17. g4 Nhf6 18. Qf4 Qxf4 19. Nxf4 Kf8 20. Kf2 Rxe1 21. Rxe1 Re8 22. Rb1 Nb6 23. b3 Nc8 24. c4 dxc4 25. bxc4 b6 26. g5 Ng8 27. Be4 Nge7 28. c5 Rd8 29. Ke3 Nf5+ 30. Bxf5 gxf5 31. h4 Re8+ 32. Kd3 Rd8 33. Kc3 Re8 34. Kd3 Rd8 35. Rc1 Ne7 36. h5 b5 37. Re1 Nd5 38. Nxd5 Rxd5 39. f4 a5 40. Re2 Rd7 41. Re5 Re7 42. Rxe7 Kxe7 43.
h6 gxh6 44. gxh6 Kf6 45. d5 cxd5 46. c6 Kg6 47. c7 Kxh6 48. c8=Q 1-0

[Event "Late-Titled-Tuesday-Blitz-April-16-2024"]
[Site "Chess.com"]
[Date "2024.04.16"]
[Round "5"]
[White "Kostukov_Alex"]
[Black "GMG"]
[Result "0-1"]
[WhiteElo "2328"]
[BlackElo "2829"]
[TimeControl "180+1"]
[EndTime "14:53:11 PDT"]
[Termination "GMG won by resignation"]

1. g3 c5 2. Bg2 g6 3. c4 Bg7 4. Nf3 Nc6 5. O-O d6 6. Nc3 Bf5 7. d3 Qd7 8. Re1 Bh3 9. Bh1 h5 10. Bg5 h4 11. Qd2 hxg3 12. hxg3 Nh6 13. Nd5 Nf5 14. e4 Nfd4 15. Nxd4 cxd4 16. Qe2 f6 17. Bd2 Bg4 18. f3 Be6 19. Nf4 Bf7 20. Qf2 g5 21.
Ne2 Ne5 22. Nc1 g4 23. f4 Rxh1+ 24. Kxh1 Nf3 25. Kg2 f5 26. Qe2 Bg6 27. Rh1 Qc6 28. Kf2 fxe4 29. dxe4 Bxe4 30. Rg1 Nxg1 31. Kxg1 Bf3 32. Qd3 O-O-O 33. Ne2 Rh8 34. Nxd4 Bxd4+ 35. Qxd4 Rh1+ 36. Kf2 Rxa1 0-1

[Event "Late-Titled-Tuesday-Blitz-April-16-2024"]
[Site "Chess.com"]
[Date "2024.04.16"]
[Round "5"]
[White "divudis17"]
[Black "WoodlandMagic"]
[Result "1-0"]
[WhiteElo "2577"]
[BlackElo "2802"]
[TimeControl "180+1"]
[EndTime "14:53:11 PDT"]
[Termination "divudis17 won on time"]

1. e4 e5 2. Nf3 Nf6 3. d4 Nxe4 4. Bd3 Be7 5. Nxe5 d5 6. O-O O-O 7. Nd2 Nd6 8. Qh5 g6 9. Nxg6 fxg6 10. Bxg6 Rf7 11. Bxf7+ Nxf7 12. Nf3 a5 13. Bf4 Ra6 14. Rfe1 Rg6 15. Ne5 Nxe5 16. Qxe5 Nc6 17. Qxc7 Qf8 18. c3 h5 19. Re3 Bf5 20. Rg3 h4 21. Rxg6+ Bxg6 22. Re1 h3 23. Bg3 Be4 24. Qxb7 Qf6 25. Qc8+ Kf7 26. Qxh3 a4 27. Qh5+ Kg8 28. f3 Bf5 29. Qe8+ Bf8 30. Be5 Nxe5 31. Rxe5 Bg6 32. Qe6+ Qxe6 33. Rxe6 Bb1 34. a3 Ba2 35. Kf2 Kf7 36.
Re5 Bh6 37. g3 Bc1 38. Re2 1-0

[Event "Late-Titled-Tuesday-Blitz-April-16-2024"]
[Site "Chess.com"]
[Date "2024.04.16"]
[Round "5"]
[White "hristos03"]
[Black "N_Mullodzhanov"]
[Result "0-1"]
[WhiteElo "2361"]
[BlackElo "2537"]
[TimeControl "180+1"]
[EndTime "14:53:13 PDT"]
[Termination "N_Mullodzhanov won by resignation"]

1. Nf3 d5 2. c4 c6 3. d4 Nf6 4.
Nc3 g6 5. g3 Bg7 6. Bg2 O-O 7.
cxd5 cxd5 8. O-O Nc6 9. Bf4 Bf5 10. Rc1 a6 11. Ne5 Rc8 12. Na4 e6 13. Nc5 Qe7 14.
Qa4 Nh5 15. Nxc6 Rxc6 16. Be3 Nf6 17. h3 h5 18. b4 Rfc8 19. b5 axb5 20. Qxb5 R6c7 21.
Nb3 Rxc1 22. Rxc1 Rxc1+ 23. Bxc1 Ne4 24. h4 Qc7 25. Bf4 Qc6 26. Qa5 Kh7 27. Qd8 Qc2 28. Bf3 Qd1+ 29. Kg2 Nc3 30. Qe7 Nxe2 31. Qe8 Nxf4+ 32.
gxf4 Be4 33. Bxe4 dxe4 34. Qxf7 Qf3+ 35. Kf1 e3 36. Ke1 Qxf2+ 37. Kd1 e2+ 0-1

[Event "Late-Titled-Tuesday-Blitz-April-16-2024"]
[Site "Chess.com"]
[Date "2024.04.16"]
[Round "5"]
[White "chess_sharparchitect"]
[Black "Veleamater"]
[Result "0-1"]
[WhiteElo "2237"]
[BlackElo "2428"]
[TimeControl "180+1"]
[EndTime "14:53:13 PDT"]
[Termination "Veleamater won by resignation"]

1. c4 d6 2. Nc3 g6 3. e4 Bg7 4. d4 Nf6 5. h3 O-O 6. Be3 Nc6 7. Nf3 e5 8. d5 Ne7 9. g4 h5 10. gxh5 Nxh5 11. Qd2 a6 12. Be2 Bd7 13. Bh6 b5 14.
Bxg7 Kxg7 15. Rg1 Rh8 16. Ng5 Nf4 17. Bg4 b4 18. Ne2 Nxe2 19. Qxe2 Rh4 20. Qf3 Be8 21. Qg3 Rh6 22. h4 Ng8 23. O-O-O Qf6 24. Bf5 Kh8 25. Bg4 Qf4+ 26. Qxf4 exf4 27. Rh1 Nf6 28. Bf3 Kg7 29. Rdg1 Nd7 30. h5 Ne5 31. hxg6 Nxg6 32. Rxh6 Kxh6 33. Nh3 Bd7 34. Bg4 Bxg4 35. Rxg4 Re8 36.
f3 Ne5 37. Rxf4 Nd3+ 38. Kd2 Nxf4 39. Nxf4 a5 40. Ne2 Rg8 41. a3 Rg2 42. axb4 axb4 43. Kd3 Kg5 44. b3 Rh2 45. Ke3 f5 46. exf5 Kxf5 47.
Nd4+ Kf6 48. Nc6 Rb2 49. Kd3 Rxb3+ 50. Kc2 Rc3+ 51. Kb2 Rxc4 52. Kb3 Rf4 53. Nxb4 Rxf3+ 54. Kc4 Rf4+ 55. Kb5 Rxb4+ 56. Kxb4 Ke5 57. Kc4 Ke4 0-1

[Event "Late-Titled-Tuesday-Blitz-April-16-2024"]
[Site "Chess.com"]
[Date "2024.04.16"]
[Round "5"]
[White "balachess2006"]
[Black "Fradi82"]
[Result "1-0"]
[WhiteElo "2676"]
[BlackElo "2189"]
[TimeControl "180+1"]
[EndTime "14:53:16 PDT"]
[Termination "balachess2006 won by checkmate"]

1. c4 b6 2. Nc3 Bb7 3. e4 e6 4. Nf3 Bb4 5. Bd3 a6 6. O-O Be7 7. Re1 d6 8. Bc2 c5 9. d4 cxd4 10. Nxd4 Qc7 11. Qh5 g6 12. Qf3 Nf6 13. Bh6 Nbd7 14.
b3 Ne5 15. Qh3 Neg4 16. Bd2 h5 17. Rad1 Nh7 18. f3 Ne5 19. f4 Ng4 20. Nce2 Nhf6 21. Qf3 Nd7 22. h3 Ngf6 23. Nc3 h4 24. Be3 Nh5 25. Bf2 Rc8 26. Nde2 Kf8 27. Bb1 Bf6 28. Qg4 b5 29. Bd4 Bxd4+ 30. Nxd4 Ndf6 31. Qg5 bxc4 32. e5 dxe5 33. fxe5 Nh7 34.
Qh6+ Ng7 35. Bxg6 fxg6 36. Rf1+ Ke7 37. Qxg7+ Kd8 38. Nxe6+ Ke8 39. Nxc7+ Rxc7 40. Qxc7 Rf8 41. Qd7# 1-0

[Event "Late-Titled-Tuesday-Blitz-April-16-2024"]
[Site "Chess.com"]
[Date "2024.04.16"]
[Round "5"]
[White "katharinareinecke"]
[Black "KVAIDAN"]
[Result "1/2-1/2"]
[WhiteElo "2026"]
[BlackElo "2375"]
[TimeControl "180+1"]
[EndTime "14:53:16 PDT"]
[Termination "Game drawn by repetition"]

1. d4 e6 2. c4 f5 3. Nf3 Nf6 4. g3 Be7 5. Bg2 d6 6. O-O O-O 7. Nc3 a5 8. b3 Ne4 9. Bb2 Nxc3 10.
Bxc3 Bf6 11. Qc2 Nd7 12. Rad1 Qe8 13. Rfe1 e5 14. dxe5 dxe5 15. e3 e4 16. Nd4 Ne5 17. Nb5 Qf7 18. Bxe5 Bxe5 19. Rd2 Be6 20.
Red1 g5 21. Nd4 Bc8 22. Ne2 Be6 23. Nd4 Bd7 24. Ne2 Rad8 25. Rd5 Qe7 26. Qd2 Bd6 27.
c5 Bxc5 28. Rxd7 Rxd7 29. Qxd7 Qxd7 30. Rxd7 Bd6 31. Nd4 Rf6 32. Bh3 g4 33. Bf1 h6 34.
Bc4+ Kf8 35. Be6 Ke8 36. Rh7 Be5 37. Bxf5 Bxd4 38. Bd7+ Kd8 39. exd4 Rd6 40. Bxg4 Rxd4 41. Rxh6 e3 42. Be2 Rd2 43. Kf1 exf2 44. Kxf2 Rxa2 45. g4 Rb2 46. g5 Ke8 47. Rh7 Rxb3 48. Rxc7 a4 49.
Rc8+ Kf7 50. Ra8 Rb4 51. Kg3 Kg6 52. h4 b5 53. h5+ Kxg5 54. Rg8+ Kh6 55. Rb8 a3 56.
Ra8 Rb3+ 57. Kg4 b4 58. Ra6+ Kg7 59. Ra7+ Kh8 60. Ra8+ Kg7 61. Ra7+ Kh8 62. Ra8+ Kg7 63. Ra7+ 1/2-1/2

[Event "Late-Titled-Tuesday-Blitz-April-16-2024"]
[Site "Chess.com"]
[Date "2024.04.16"]
[Round "5"]
[White "KorolDimitriy75"]
[Black "Caracal3000"]
[Result "1-0"]
[WhiteElo "2329"]
[BlackElo "2483"]
[TimeControl "180+1"]
[EndTime "14:53:17 PDT"]
[Termination "KorolDimitriy75 won by checkmate"]

1. d4 d5 2. c4 e6 3. Nc3 c6 4. e3 Nf6 5. Nf3 Bd6 6. Bd3 O-O 7. O-O Nbd7 8. e4 dxe4 9. Nxe4 Nxe4 10. Bxe4 Nf6 11.
Bc2 c5 12. Bg5 cxd4 13. Qd3 g6 14. Qxd4 Be7 15. Qh4 Re8 16. Rad1 Nd7 17. Ba4 f6 18. Qe4 Kf7 19. Rfe1 Nc5 20. Rxd8 Rxd8 21. Qh4 Kg7 22. Bh6+ Kf7 23. Bc2 e5 24. Be3 Kg7 25. Qh6+ Kg8 26.
Bxg6 hxg6 27. Qxg6+ Kh8 28. Bh6 Ne6 29. Nh4 Bd7 30.
Qf7 Rg8 31. Qxe7 Bc6 32. Qxe6 Kh7 33. Qxf6 Rae8 34. g3 Rd8 35. Nf5 Rg6 36. Qf7+ Kh8 37. Qxg6 Rg8 38. Bg7+ Rxg7 39. Qxg7# 1-0

[Event "Late-Titled-Tuesday-Blitz-April-16-2024"]
[Site "Chess.com"]
[Date "2024.04.16"]
[Round "5"]
[White "Aragon"]
[Black "cansun"]
[Result "1-0"]
[WhiteElo "2076"]
[BlackElo "2339"]
[TimeControl "180+1"]
[EndTime "14:53:17 PDT"]
[Termination "Aragon won by resignation"]

1. e4 c5 2. Nf3 d6 3. d4 cxd4 4. Nxd4 Nf6 5. Nc3 Nc6 6. Be3 e5 7. Nf5 d5 8. Bg5 dxe4 9. Qxd8+ Nxd8 10. Ng3 Bb4 11. O-O-O Bxc3 12. bxc3 Be6 13. Bb5+ Nc6 14. Bxf6 gxf6 15. Nxe4 Ke7 16. Nc5 a6 17. Ba4 b5 18.
Bb3 Rhd8 19. Rxd8 Nxd8 20. Rd1 Ra7 21. Rd3 a5 22. Rg3 a4 23. Bxe6 Nxe6 24. Nxe6 Kxe6 25. Rh3 Rc7 26. Kb2 Rd7 27. Rd3 Rc7 28. Ka3 Kf5 29.
Rh3 Rd7 30. Rd3 Rc7 31. Kb4 e4 32. Rd5+ Ke6 33. Rxb5 a3 34. c4 Rd7 35. Rd5 Rc7 36.
Rh5 Rd7 37. Rd5 Rc7 38. c3 f5 39. Rd4 Rb7+ 40. Kxa3 Rb1 41. c5 Rc1 42. Kb2 Rf1 43. Rd2 e3 44. fxe3 Kf6 45. a4 Re1 46. c6 Rxe3 47. c7 Re8 48. Rd8 Re2+ 49. Kb3 1-0

[Event "Late-Titled-Tuesday-Blitz-April-16-2024"]
[Site "Chess.com"]
[Date "2024.04.16"]
[Round "5"]
[White "eljanov"]
[Black "LiemLe"]
[Result "0-1"]
[WhiteElo "2900"]
[BlackElo "3051"]
[TimeControl "180+1"]
[EndTime "14:53:18 PDT"]
[Termination "LiemLe won on time"]

1. d4 Nf6 2. c4 g6 3. Nc3 d5 4. cxd5 Nxd5 5. e4 Nxc3 6. bxc3 Bg7 7. Bc4 c5 8. Ne2 Nc6 9. Be3 O-O 10. O-O Bd7 11. Rc1 Rc8 12. Qd2 cxd4 13. cxd4 Qa5 14.
Qb2 Qb4 15. Qxb4 Nxb4 16. a3 Nc6 17. Ba2 Na5 18. Rxc8 Rxc8 19. Rc1 Rxc1+ 20. Nxc1 e6 21.
d5 exd5 22. Bxd5 b6 23. Nb3 Nc6 24. f4 Bb2 25. Bc1 Bxc1 26. Nxc1 Kf8 27. Kf2 Nd4 28.
Bb3 Ke7 29. Ke3 Nb5 30. a4 Nc3 31. a5 bxa5 32. Kd4 Nb5+ 33. Kc5 Nd6 34. Bd5 a4 35. Na2 Be6 36. Nc3 Bxd5 37. exd5 a3 38. Kb4 a6 39. g4 Nb5 40. Na2 Kd6 41. Kc4 f5 42. gxf5 gxf5 43. Nb4 Nc7 44. Kb3 a5 45. Nc6 Kxd5 46.
Nxa5 Nb5 47. Nb7 Ke4 0-1

[Event "Late-Titled-Tuesday-Blitz-April-16-2024"]
[Site "Chess.com"]
[Date "2024.04.16"]
[Round "5"]
[White "chucksterf10"]
[Black "cedchass2006"]
[Result "1-0"]
[WhiteElo "2581"]
[BlackElo "2395"]
[TimeControl "180+1"]
[EndTime "14:53:18 PDT"]
[Termination "chucksterf10 won on time"]

1. b3 a5 2. Bb2 a4 3. Nf3 e6 4. e3 a3 5. Bc1 Nf6 6. c3 d5 7. b4 c5 8. Bxa3 cxb4 9. Bxb4 Bxb4 10. cxb4 Nc6 11. b5 Na7 12. Nc3 Qa5 13. Be2 Bd7 14. Qb3 O-O 15. O-O Ne4 16. a4 Nxc3 17. Qxc3 Qxc3 18. dxc3 Nc8 19. Rfc1 Nd6 20. Ne5 Rfd8 21.
c4 dxc4 22. Nxc4 Nxc4 23. Bxc4 Ra5 24. Be2 Kf8 25. Rc7 b6 26. Rd1 Ke8 27. Bf3 Rxa4 28. h3 Rb4 29. Rcxd7 Rxd7 30. Bc6 Ke7 31. Rxd7+ Kf6 32.
Rb7 Rb1+ 33. Kh2 Rd1 34. Rxb6 Rd8 35. Ra6 Rd2 36. b6 Ra2 37. b7 Rb2 38. Ra5 Rb3 39. Rb5 Rxe3 40. h4 Rc3 41. h5 Rxc6 42. h6 Rc8 43. bxc8=Q g5 44. g4 Kg6 45. Qg8+ Kxh6 46.
Rb6 1-0

[Event "Late-Titled-Tuesday-Blitz-April-16-2024"]
[Site "Chess.com"]
[Date "2024.04.16"]
[Round "5"]
[White "Zhigalko_Sergei"]
[Black "Harry_Rakkel"]
[Result "1-0"]
[WhiteElo "2929"]
[BlackElo "2713"]
[TimeControl "180+1"]
[EndTime "14:53:20 PDT"]
[Termination "Zhigalko_Sergei won on time"]

1. e4 c5 2. Nf3 e6 3. c3 Nf6 4. e5 Nd5 5. Bc4 Nb6 6. Bb3 Nc6 7. d4 d5 8. O-O h6 9. Re1 Bd7 10. Nbd2 cxd4 11. cxd4 a5 12. a3 a4 13. Bc2 Na5 14. Nb1 Bc6 15. Nc3 Qd7 16. h4 Nac4 17. h5 Be7 18. Rb1 Nc8 19. Nh2 b5 20. Qg4 Bf8 21.
Na2 N8b6 22. f4 O-O-O 23. f5 Kb8 24. Rf1 Bb7 25. Rf2 Rc8 26. Bf4 Ka7 27. Bd3 Rc7 28. Rbf1 Bc8 29. Bc1 Ka6 30. Nb4+ Bxb4 31. Qxg7 Qe8 32.
axb4 exf5 33. Bxf5 Rg8 34. Qxh6 Rc6 35. Qf4 Be6 36.
Ng4 Qc8 37. Nf6 Rh8 38. h6 Nd7 39. Bxe6 fxe6 40. Qg4 Ncb6 41. Qg7 Rxc1 42. h7 Rxf1+ 43. Rxf1 Nxf6 44. exf6 1-0

[Event "Late-Titled-Tuesday-Blitz-April-16-2024"]
[Site "Chess.com"]
[Date "2024.04.16"]
[Round "5"]
[White "KingCyber19"]
[Black "Fins0905"]
[Result "0-1"]
[WhiteElo "2544"]
[BlackElo "2776"]
[TimeControl "180+1"]
[EndTime "14:53:20 PDT"]
[Termination "Fins0905 won on time"]

1. d4 d5 2. c4 c6 3. Nf3 Nf6 4. g3 dxc4 5. Bg2 Nbd7 6. O-O e6 7. a4 a5 8. Nbd2 b5 9. Qc2 Bb7 10. b3 cxb3 11. Nxb3 b4 12. Ne5 Nxe5 13. dxe5 Nd5 14. Bb2 Be7 15. Rfd1 Qc8 16. Bd4 c5 17. Bxc5 Nc3 18.
Bxb7 Qxb7 19. Bxe7 Qxe7 20. Rd6 O-O 21. Qd3 Rfc8 22.
Kg2 g6 23. Rd7 Qg5 24. Qf3 Qf5 25. Qb7 Qe4+ 26. Qxe4 Nxe4 27. Rad1 Nc3 28. Ra1 Nxe2 29. Rb7 Nc3 30. Nd4 Rc5 31. Nb5 Nxb5 32. axb5 a4 33. b6 a3 34. Rd1 a2 35. Rc7 Rxc7 36. bxc7 Kg7 37. Rc1 b3 0-1